 Dungeon Crawl Stone Soup version 0.26.1-11-gd32895ea62 (webtiles) character file.

Game seed: 14436919036637586202

1323 H0rd4k the Insei (level 8, -4/52 HPs)
             Began as an Octopode Transmuter on May 5, 2021.
             Was an Initiate of Gozag.
             Killed by divine providence
             ... invoked by an orc priest
              (14 damage)
             ... on level 7 of the Dungeon.
             The game lasted 00:08:35 (7879 turns).

H0rd4k the Insei (Octopode Transmuter)              Turns: 7879, Time: 00:08:35

Health: -4/52      AC:  2    Str:  9    XL:     8   Next: 59%
Magic:  11/13      EV: 21    Int: 18    God:    Gozag
Gold:   693        SH:  0    Dex: 17    Spells: 5/14 levels left

rFire    . . .     SeeInvis .     - Unarmed
rCold    . . .     Faith    .   (shield currently unavailable)
rNeg     . . .     Spirit   .   (helmet currently unavailable)
rPois    x         Reflect  .   w - amulet of regeneration
rElec    .         Harm     .   v - ring of flight
rCorr    .         Rampage  .   (no ring)
Will     .....                  (no ring)
Stlth    ++........             (no ring)
HPRegen  0.57/turn              (no ring)
MPRegen  0.13/turn              (no ring)
                                (no ring)
                                (no ring)

@: spider-form, gold aura
A: tiny, almost no armour, stealthy swim, (amphibious), 8 rings, (constrict 8)
a: End Transformation, Renounce Religion, Evoke Flight, Potion Petition, Call
Merchant, Bribe Branch


You were on level 7 of the Dungeon.
You worshipped Gozag.
Gozag was pleased with you.
You were a venomous arachnid creature.
You visited 2 branches of the dungeon, and saw 8 of its levels.
You also visited: Ossuary.

You collected 753 gold pieces.
You paid 60 gold pieces to Gozag.

Inventory:

Missiles
 r - 28 poisoned darts (quivered)
 x - 12 curare-tipped darts
Jewellery
 v - a ring of flight (left front leg)
 w - an amulet of regeneration (around neck)
Wands
 p - a wand of flame (14)
 z - a wand of random effects (30)
Scrolls
 b - a scroll of immolation {unknown}
 e - 6 scrolls of teleportation
 f - 2 scrolls of fear {unknown}
 h - 6 scrolls of enchant weapon {unknown}
 i - 2 scrolls of amnesia {unknown}
 j - 3 scrolls of enchant armour {unknown}
 k - 4 scrolls of remove curse {unknown}
 l - a scroll of blinking {unknown}
 n - a scroll of random uselessness {unknown}
 s - a scroll of noise {unknown}
 y - a scroll of fog {unknown}
 B - 2 scrolls of summoning {unknown}
 E - a scroll of acquirement {unknown}
Potions
 a - 6 potions of haste
 c - 2 potions of attraction
 g - 5 potions of might
 m - a potion of heal wounds {unknown}
 o - 2 potions of invisibility
 q - 3 potions of mutation
 t - a potion of ambrosia
 u - a potion of brilliance
 A - 3 potions of degeneration
 C - 3 potions of curing
 D - a potion of cancellation
 F - a potion of lignification


   Skills:
 * Level 3.3 Fighting
 + Level 0.3 Throwing
 + Level 3.4 Dodging
 - Level 2.4 Stealth
 + Level 7.4 Unarmed Combat
 * Level 3.9 Spellcasting
 * Level 4.2 Transmutations
 - Level 1.8 Poison Magic
 + Level 0.1 Evocations


You had 5 spell levels left.
You knew the following spells:

 Your Spells              Type           Power        Failure   Level
a - Beastly Appendage     Tmut           36%          10%         1
b - Spider Form           Tmut/Pois      7%           30%         3
c - Blade Hands           Tmut           9%           77%         5

Your spell library contained the following spells:

 Spells                   Type           Power        Failure   Level
 Wereblood                Tmut           18%          12%         2
 Ice Form                 Ice/Tmut       11%          73%         4


Dungeon Overview and Level Annotations

Branches:
Dungeon (7/15)             Temple (1/1) D:5         Ossuary (visited)

Altars:
Ashenzari
Dithmenos
Elyvilon
Fedhas
Gozag
Hepliaklqana
Kikubaaqudgha
Makhleb
Nemelex Xobeh
Qazlal
Sif Muna
Wu Jian
Xom
Zin
The Shining One

Annotations:
D:5 exclusion: 2 phantoms
D:7 1 transporter, Duvessa


Innate Abilities, Weirdness & Mutations

You cannot wear most types of armour.
You are very stealthy in the water. (Stealth+)
((You are amphibious.))
You can wear up to eight rings at the same time.
((You can use your tentacles to constrict eight enemies at once.))
((Your skin changes colour to match your surroundings (Stealth+).))
((Your rubbery body absorbs attacks. (AC +1, EV +1)))


Message History

The orc wizard is moderately wounded.
The orc priest is no longer distracted by gold.
The orc wizard completely misses you.
The orc priest calls down the wrath of Beogh upon you.
Beogh smites you!
A white imp comes into view.
The orc wizard hits you with a +0 dagger.
You hit the orc wizard.
The orc wizard looks as sick as possible!
The orc wizard is almost dead.
The orc wizard misses you.
You bite the orc wizard!
You kill the orc wizard!
The orc priest invokes the aid of Beogh against you.
Pain shoots through your body!
* * * LOW HITPOINT WARNING * * *
The orc priest mumbles some strange prayers to Beogh against you.
Beogh smites you!
You die...
Your body crumbles into a pile of gold.

#..#.##...#
#.........#
#.....#..#
#.....#..# #
###......5.#.##
.........#.....
#e...# #o#### #s#
#$# #.# ##.## #.#
#...# $ ... #...#
#.# #...# #.# #...#
# #.# #...#
####.##.#######...#


You could see Duvessa, an orc priest and a white imp.

Vanquished Creatures
  Menkaure (D:6)
  Edmund (D:4)
  2 ogres
  A bullfrog (D:6)
  3 centaur zombies
  2 bullfrog skeletons
  2 orc priests
  4 hounds
  An iguana (D:5)
  2 orc wizards
  2 worker ants
  A killer bee zombie (D:7)
  A hound zombie (D:6)
  4 mummies (Ossuary)
  A worker ant zombie (D:5)
  4 gnolls (D:2)
  6 adders
  An ooze (D:6)
  An ufetubus (D:5)
  2 worms
  4 dart slugs
  4 leopard geckos
  16 orcs
  8 giant cockroaches
  9 gnoll zombies (Ossuary)
  5 goblins
  10 hobgoblins
  4 jackals (D:2)
  9 kobolds
  A ball python (D:2)
  6 bats
  3 gnoll skeletons (Ossuary)
  6 goblin skeletons (Ossuary)
  2 goblin zombies (Ossuary)
  5 hobgoblin skeletons (Ossuary)
  2 hobgoblin zombies (Ossuary)
  2 kobold skeletons (Ossuary)
  4 kobold zombies (Ossuary)
  A leopard gecko skeleton (D:5)
  6 orc skeletons (Ossuary)
  2 orc zombies (Ossuary)
  16 rats
  3 rat skeletons (Ossuary)
  6 rat zombies (Ossuary)
176 creatures vanquished.

Notes
Turn   | Place    | Note
-------+----------+-------------------------------------------
     0 | D:1      | H0rd4k the Octopode Transmuter began the quest for the Orb.
     0 | D:1      | Reached XP level 1. HP: 13/13 MP: 3/3
   156 | D:1      | Reached XP level 2. HP: 18/18 MP: 5/5
   932 | D:1      | Reached skill level 1 in Stealth
  1019 | D:1      | Reached XP level 3. HP: 23/23 MP: 6/6
  1101 | D:1      | Reached skill level 4 in Unarmed Combat
  1324 | D:1      | Learned a level 3 spell: Spider Form
  1780 | D:2      | Reached XP level 4. HP: 2/28 MP: 7/7
  2680 | D:2      | Reached skill level 1 in Poison Magic
  3119 | D:3      | Reached XP level 5. HP: 16/33 MP: 8/8
  4264 | D:4      | Noticed an ogre
  4278 | D:4      | Killed an ogre
  4279 | D:4      | Reached skill level 5 in Unarmed Combat
  4279 | D:4      | Reached XP level 6. HP: 19/39 MP: 3/9
  4544 | D:4      | Noticed Edmund
  4570 | D:4      | Killed Edmund
  4660 | D:4      | Reached XP level 7. HP: 45/45 MP: 11/11
  4791 | D:4      | Learned a level 5 spell: Blade Hands
  4814 | D:5      | Entered Level 5 of the Dungeon
  4832 | D:5      | Found a staircase to the Ecumenical Temple.
  4844 | Temple   | Entered the Ecumenical Temple
  4857 | Temple   | Became a worshipper of Gozag Ym Sagoz the Greedy
  5128 | D:5      | Reached skill level 6 in Unarmed Combat
  5542 | D:5      | Reached XP level 8. HP: 36/51 MP: 13/13
  5802 | D:6      | Noticed Menkaure
  5812 | D:6      | Killed Menkaure
  5954 | D:6      | Found a glowing silver altar of Zin.
  5954 | D:6      | Found a hazy altar of Hepliaklqana.
  6005 | D:6      | Found a sand-covered staircase.
  6015 | Ossuary  | Entered an ossuary
  6063 | Ossuary  | Reached skill level 7 in Unarmed Combat
  7393 | D:6      | Found a shadowy altar of Dithmenos.
  7398 | D:6      | Found a glowing golden altar of the Shining One.
  7399 | D:6      | Found a shimmering altar of Xom.
  7399 | D:6      | Found a stormy altar of Qazlal.
  7399 | D:6      | Found a white marble altar of Elyvilon.
  7403 | D:6      | Found a sparkling altar of Nemelex Xobeh.
  7806 | D:7      | Found a transporter.
  7873 | D:7      | Noticed Duvessa
  7879 | D:7      | Killed from afar by an orc priest

Illustrated notes

Levels and vault maps discovered:
D:1:      tarquinn_simple_flora_water_f, layout_loops_ring
D:2:      layout_rooms
D:3:      layout_basic
D:4:      layout_rooms, minivault_27, uniq_edmund
D:5:      layout_loops_ring, minmay_temple_entry_ruins
D:6:      layout_basic, minitemple, amethyst_overflow_temple_binary,
          nicolae_ossuary_entry_monument, uniq_menkaure
D:7:      layout_loops_ring, gammafunk_ghost_smash, kennysheep_generic_room_6,
          uniq_duvessa
Temple:   eino_temple_water

Skill      XL: |  1  2  3  4  5  6  7  8 |
---------------+-------------------------+-----
Stealth        | 1 2 |  2.4
Unarmed Combat | 4 5 6 7 |  7.4
Poison Magic   | 1 |  1.8
Fighting       | 2 3 |  3.3
Transmutations | 3 4 |  4.2
Spellcasting   | 3 |  3.9
Dodging        | 3 |  3.4
Throwing       | |  0.3
Evocations     | |  0.1

Action                   |  1- 3 |  4- 6 |  7- 9 || total
-------------------------+-------+-------+-------++-------
Melee: Unarmed           |    89 |   137 |   262 ||   488
       Constrict         |    25 |    26 |    55 ||   106
       Tentacles         |    18 |    22 |    40 ||    80
       Punch             |     2 |     2 |    13 ||    17
Throw: Dart              |       |     3 |       ||     3
 Cast: Spider Form       |       |     2 |     3 ||     5
Evoke: Wand              |       |       |     6 ||     6
  Use: Scroll            |       |       |    10 ||    10
 Stab: Sleeping          |     6 |     8 |    12 ||    26
       Distracted        |     1 |       |     1 ||     2
Armor: Skin              |     6 |     5 |     9 ||    20
Dodge: Dodged            |    41 |    95 |   131 ||   267
